 Dungeon Crawl Stone Soup version 0.28.0-45-g0d030f2227 (webtiles) character file.

Game seed: 11749039144433336891

121 Ablot the Cutter (level 5, -5/47 HPs)
             Began as a Gnoll Chaos Knight on Apr 22, 2022.
             Was a Plaything of Xom.
             Killed by nerve-wracking pain
             ... invoked by Grinder
              (6 damage)
             ... on level 3 of the Dungeon.
             The game lasted 00:03:20 (1864 turns).

Ablot the Cutter (Gnoll Chaos Knight)               Turns: 1864, Time: 00:03:21

Health: -5/47      AC:  5    Str: 14    XL:     5   Next: 5%
Magic:  7/7        EV: 12    Int: 11    God:    Xom [..*...]
Gold:   57         SH:  0    Dex: 11    Spells: 6/6 levels left

rFire   + . .      SeeInvis .   a - +0 short sword (chaos)
rCold   . . .      Faith    .   (no shield)
rNeg    . . .      Spirit   .   c - +2 robe {rF+}
rPois   +          Reflect  .   (no helmet)
rElec   .          Harm     .   (no cloak)
rCorr   .          Rampage  .   g - +0 pair of gloves
Will    .....                   (no boots)
Stlth   ++........              i - amulet of the acrobat
HPRegen 0.15/turn               k - ring of poison resistance
MPRegen 0.10/turn               (no ring)

@: hasted, very quick
A: fangs 1, strong nose, distributed training
a: Renounce Religion


You were on level 3 of the Dungeon.
You worshipped Xom.
You were a toy of Xom.
You visited 1 branch of the dungeon, and saw 3 of its levels.

You collected 70 gold pieces.
You spent 13 gold pieces at shops.

Inventory:

Hand Weapons
 a - a +0 short sword of chaos (weapon)
Missiles
 m - 3 silver boomerangs (quivered)
 r - 19 stones
 t - 5 poisoned darts
 u - 10 arrows
Armour
 c - a +2 robe of fire resistance (worn)
 g - a +0 pair of gloves (worn)
Jewellery
 i - an amulet of the acrobat (around neck)
 k - a ring of poison resistance (left hand)
Scrolls
 e - a scroll of fear {unknown}
 f - 2 scrolls of amnesia {unknown}
 j - a scroll of teleportation {unknown}
 l - a scroll of enchant weapon {unknown}
 s - a scroll of identify {unknown}
Potions
 b - a potion of lignification {unknown}
 d - a potion of ambrosia {unknown}
 h - a potion of haste
 n - 2 potions of mutation {unknown}
 o - a potion of degeneration
 p - a potion of heal wounds {unknown}
 q - a potion of magic {unknown}


   Skills:
 + Level 6.6 Fighting
 + Level 6.6 Short Blades
 + Level 1.3 Long Blades
 + Level 1.3 Axes
 + Level 1.3 Maces & Flails
 + Level 1.3 Polearms
 + Level 1.3 Staves
 + Level 1.3 Slings
 + Level 1.3 Bows
 + Level 1.3 Crossbows
 + Level 1.3 Throwing
 + Level 4.7 Armour
 + Level 2.9 Dodging
 + Level 1.3 Stealth
 + Level 1.3 Shields
 + Level 1.3 Unarmed Combat
 + Level 1.3 Spellcasting
 + Level 1.1 Conjurations
 + Level 1.1 Hexes
 + Level 1.1 Summonings
 + Level 1.1 Necromancy
 + Level 1.1 Translocations
 + Level 1.1 Transmutations
 + Level 1.1 Fire Magic
 + Level 1.1 Ice Magic
 + Level 1.1 Air Magic
 + Level 1.1 Earth Magic
 + Level 1.1 Poison Magic
 + Level 1.5 Invocations
 + Level 1.3 Evocations


You had 6 spell levels left.
You didn't know any spells.
Your spell library contained the following spells:

 Spells                   Type           Power      Damage    Failure   Level
 Tukima's Dance           Hex            3%         N/A       52%         3
 Passage of Golubria      Tloc           3%         N/A       89%         4
 Yara's Violent Unravell  Hex/Tmut       1%         3d3       99%         5


Dungeon Overview and Level Annotations

Branches:
Dungeon (3/15)

Altars:
Ashenzari
Xom

Shops:
D:2 !

Annotations:
D:3 3 runed translucent doors, Grinder


Innate Abilities, Weirdness & Mutations

You have very sharp teeth.
Your uncanny sense of smell can sniff out nearby items.
Your experience applies equally to all skills.


Message History

You hit Grinder. You burn Grinder.
Grinder is heavily wounded.
You closely miss Grinder.
Grinder is heavily wounded.
Grinder gestures at you.
You suddenly lose the ability to move!
Grinder hits you.
You writhe in agony.
Grinder gestures at you. You resist with significant effort. Grinder hits you!
You writhe in agony.
You can move again.
Unknown command.
Unknown command.
You barely miss Grinder.
Grinder is heavily wounded.
Grinder barely misses you.
You hit Grinder.
Grinder is heavily wounded.
Grinder hits you.
You writhe in agony.
You closely miss Grinder.
Grinder is heavily wounded.
Grinder hits you.
* * * LOW HITPOINT WARNING * * *
You writhe in agony.
* * * LOW HITPOINT WARNING * * *
You hit Grinder but do no damage.
Grinder is heavily wounded.
Unknown command.
You hit Grinder.
Grinder convulses.
Grinder is severely wounded.
Grinder gestures at you. Pain shoots through your body!
* * * LOW HITPOINT WARNING * * *
Unknown command.
It was a potion of haste.
You feel yourself speed up.
Xom thinks this is hilarious!
Grinder gestures at you. Pain shoots through your body!
You die...
Xom laughs nastily!

#####
#.#.......##.#######...#########
#.#.............................
.........##.#######...#########
####.............# #.............
............#.##.# #.........####
###.........#.##$# #...........#
#.#.........#.##.# #.........#.#
#.#.........#.##@####.######.#.##
..#.#.###.#.#....5...... #.#...
#.#...###.#.#.#.......## #.####
........#...#....####.# #.# #
#.#.###.#........# # ##.####
..................... .......
#.#.###.#............. ##.####
#.#.# #.###.#..##..... .....#
..#.# # .....# ..... ..$..


You could see Grinder.

Vanquished Creatures
  An orc priest (D:3)
  An orc wizard (D:3)
  A worm (D:2)
  2 orcs (D:3)
  5 endoplasms
  3 giant cockroaches
  9 goblins
  6 hobgoblins
  2 jackals (D:2)
  3 quokkas (D:1)
  5 ball pythons
  8 bats
  4 kobolds
  A rat (D:2)
51 creatures vanquished.

Vanquished Creatures (collateral kills)
  An endoplasm (D:1)
  A goblin (D:1)
  A kobold (D:1)
  3 bats (D:1)
6 creatures vanquished.

Grand Total: 57 creatures vanquished

Notes
Turn   | Place    | Note
-------+----------+-------------------------------------------
     0 | D:1      | Ablot the Gnoll Chaos Knight began the quest for the Orb.
     0 | D:1      | Reached XP level 1. HP: 23/23 MP: 1/1
    22 | D:1      | XOM: potion effect (curing)
   139 | D:1      | XOM: summons friendly ufetubus
   146 | D:1      | Reached XP level 2. HP: 25/29 MP: 2/2
   349 | D:1      | Reached XP level 3. HP: 30/35 MP: 3/3
   763 | D:1      | XOM: silly message
   823 | D:2      | Reached skill level 1 in Invocations
   976 | D:2      | Found Nufataim's Distillery.
   984 | D:2      | Bought a potion of degeneration for 13 gold pieces
   991 | D:2      | Reached skill level 1 in Long Blades
   991 | D:2      | Reached skill level 1 in Axes
   991 | D:2      | Reached skill level 1 in Maces & Flails
   991 | D:2      | Reached skill level 1 in Polearms
   991 | D:2      | Reached skill level 1 in Staves
   991 | D:2      | Reached skill level 1 in Slings
   991 | D:2      | Reached skill level 1 in Bows
   991 | D:2      | Reached skill level 1 in Crossbows
   991 | D:2      | Reached skill level 1 in Throwing
   991 | D:2      | Reached skill level 1 in Stealth
   991 | D:2      | Reached skill level 1 in Shields
   991 | D:2      | Reached skill level 1 in Unarmed Combat
   991 | D:2      | Reached skill level 1 in Spellcasting
   991 | D:2      | Reached skill level 1 in Evocations
  1083 | D:2      | Found a faded altar of an unknown god.
  1119 | D:2      | XOM: 1-stop teleportation journey
  1134 | D:2      | Found a broken altar of Ashenzari.
  1151 | D:2      | XOM: 1-stop teleportation journey
  1155 | D:2      | Reached XP level 4. HP: 40/41 MP: 5/5
  1407 | D:2      | XOM: scenery: create altars
  1642 | D:3      | Found a runed translucent gate.
  1642 | D:3      | Found a runed translucent gate.
  1642 | D:3      | Found a runed translucent gate.
  1728 | D:3      | Reached skill level 1 in Conjurations
  1728 | D:3      | Reached skill level 1 in Hexes
  1728 | D:3      | Reached skill level 1 in Summonings
  1728 | D:3      | Reached skill level 1 in Necromancy
  1728 | D:3      | Reached skill level 1 in Translocations
  1728 | D:3      | Reached skill level 1 in Transmutations
  1728 | D:3      | Reached skill level 1 in Fire Magic
  1728 | D:3      | Reached skill level 1 in Ice Magic
  1728 | D:3      | Reached skill level 1 in Air Magic
  1728 | D:3      | Reached skill level 1 in Earth Magic
  1728 | D:3      | Reached skill level 1 in Poison Magic
  1730 | D:3      | XOM: divination: detect creatures
  1737 | D:3      | Reached XP level 5. HP: 38/47 MP: 6/6
  1798 | D:3      | Noticed Grinder
  1806 | D:3      | XOM: 1-stop teleportation journey
  1855 | D:3      | Paralysed by Grinder for 3 turns
  1863 | D:3      | HP: 1/47 [Grinder/nerve-wracking pain (8)]
  1864 | D:3      | Killed from afar by Grinder

Illustrated notes

Levels and vault maps discovered:
D:1:      ncdulo_watergridlock, layout_rooms, serial_bayou_pond_d,
          grunt_decor_clamped, minmay_tromino_v2
D:2:      layout_loops_cross, serial_shops, nicolae_square_shop,
          ebering_ecumenical_altar_sacrificial, basic_altar,
          minmay_misc_feat_more_columns
D:3:      layout_basic, gammafunk_ghost_cemetery, uniq_grinder

Skill      XL: |  1  2  3  4 |
---------------+-------------+-----
Invocations    | 1 |  1.5
Long Blades    | 1 |  1.3
Axes           | 1 |  1.3
Maces & Flails | 1 |  1.3
Polearms       | 1 |  1.3
Staves         | 1 |  1.3
Slings         | 1 |  1.3
Bows           | 1 |  1.3
Crossbows      | 1 |  1.3
Throwing       | 1 |  1.3
Stealth        | 1 |  1.3
Shields        | 1 |  1.3
Unarmed Combat | 1 |  1.3
Spellcasting   | 1 |  1.3
Evocations     | 1 |  1.3
Conjurations   | 1 |  1.1
Hexes          | 1 |  1.1
Summonings     | 1 |  1.1
Necromancy     | 1 |  1.1
Translocations | 1 |  1.1
Transmutations | 1 |  1.1
Fire Magic     | 1 |  1.1
Ice Magic      | 1 |  1.1
Air Magic      | 1 |  1.1
Earth Magic    | 1 |  1.1
Poison Magic   | 1 |  1.1
Fighting       | |  6.6
Short Blades   | |  6.6
Armour         | |  4.7
Dodging        | |  2.9

Action                   |  1- 3 |  4- 6 || total
-------------------------+-------+-------++-------
Melee: Short sword       |   136 |    53 ||   189
       Bite              |    11 |     6 ||    17
       Punch             |     5 |     1 ||     6
Throw: Boomerang         |       |     3 ||     3
  Use: Potion            |       |     1 ||     1
 Stab: Sleeping          |     3 |       ||     3
       Petrified         |     1 |       ||     1
       Paralysed         |       |     1 ||     1
Armor: Leather armour    |    23 |       ||    23
       Robe              |    35 |     8 ||    43
Dodge: Dodged            |   112 |    24 ||   136
